 Dungeon Crawl Stone Soup version 0.22-a0-301-gf0fe05c (webtiles) character file.

1466 Amnesiac the Ducker (level 8, 0/49 HPs)
             Began as a Deep Elf Wizard on Mar 26, 2018.
             Slain by an orc
             ... wielding a +0 hand axe
              (6 damage)
             ... on level 7 of the Dungeon.
             The game lasted 00:10:15 (4496 turns).

Amnesiac the Ducker (Deep Elf Wizard)               Turns: 4496, Time: 00:10:15

Health: 0/49       AC:  2    Str:  4    XL:     8   Next: 48%
Magic:  5/16       EV: 19    Int: 26    God:
Gold:   202        SH:  5    Dex: 13    Spells: 5/16 levels left

rFire    + . .     SeeInvis .   q - +6 club
rCold    . . .     Gourm    .   t - +0 buckler
rNeg     . . .     Faith    .   k - +0 robe
rPois    .         Spirit   .   b - +0 hat
rElec    .         Reflect  .   (no cloak)
rCorr    .         Harm     .   (no gloves)
MR       .....                  (no boots)
Stlth    ++........             (no amulet)
HPRegen  0.16/turn              c - ring of protection from fire
MPRegen  0.15/turn              n - +4 ring of evasion

@: very slightly contaminated
A: no striking features
a: no special abilities


You were on level 7 of the Dungeon.
You were hungry.

You visited 1 branch of the dungeon, and saw 7 of its levels.

You collected 202 gold pieces.

Inventory:

Hand Weapons
 q - a +6 club (weapon)
Armour
 b - a +0 hat (worn)
 k - a +0 robe (worn)
 t - a +0 buckler (worn)
Jewellery
 c - a ring of protection from fire (left hand)
 n - a +4 ring of evasion (right hand)
Wands
 l - a wand of acid (7)
Scrolls
 h - a scroll of amnesia {!r}
 i - 7 scrolls of remove curse {!r}
Potions
 e - 6 potions of curing {!q}
 f - 4 potions of magic {!q, unknown}
 g - a potion of berserk rage {!q, unknown}
 m - 2 potions of lignification {!q}
 u - 2 potions of haste {!q, unknown}
 v - a potion of heal wounds {!q}
 z - 2 potions of flight {!q}
 B - 2 potions of brilliance {!q}
Comestibles
 a - 2 chunks of flesh
 d - 11 rations


   Skills:
 * Level 5.3 Fighting
 + Level 5.3 Dodging
 - Level 2.4 Stealth
 - Level 4.6 Shields
 - Level 4.5 Spellcasting
 - Level 4.6 Conjurations
 - Level 1.1 Summonings
 - Level 1.1 Translocations


You had 5 spell levels left.
You knew the following spells:

 Your Spells              Type           Power        Failure   Level  Hunger
a - Magic Dart            Conj           ####         1%          1    None
b - Call Imp              Summ           ##......     8%          2    None
e - Mephitic Cloud        Conj/Pois/Air  ##......     13%         3    ##.....
s - Conjure Flame         Conj/Fire      ###.....     10%         3    ##.....
v - Blink                 Tloc           N/A          8%          2    None


Dungeon Overview and Level Annotations

Branches:
Dungeon (7/15)             Temple (0/1) D:7

Altars:
Ru
Uskayaw
Vehumet
Zin

Annotations:
D:3 Natasha
D:6 CasualChangeling's ghost, novice KoCj


Message History

Aiming: Conjure Flame (safe; 10% risk of failure)
Press: ? - help, Dir - move target cursor You miscast Conjure Flame.
Nothing appears to happen.
CasualChangeling's ghost gestures at you while chanting.
The orb of energy misses you.
Casting: Conjure Flame (safe; 10% risk of failure)
Confirm with . or Enter, or press ? or * to list all spells.
Aiming: Conjure Flame (safe; 10% risk of failure)
Press: ? - help, Dir - move target cursor The fire ignites!
CasualChangeling's ghost says, "I will blast you to bits."
Casting: Conjure Flame (safe; 10% risk of failure)
Confirm with . or Enter, or press ? or * to list all spells.
Aiming: Conjure Flame (safe; 10% risk of failure)
Press: ? - help, Dir - move target cursor The fire ignites!
Found a ration.
Casting: Conjure Flame (safe; 10% risk of failure)
Confirm with . or Enter, or press ? or * to list all spells.
Aiming: Conjure Flame (safe; 10% risk of failure)
Press: ? - help, Dir - move target cursor The fire ignites!
You are feeling hungry.
CasualChangeling's ghost casts a spell at you.
The orb of energy hits you!
An adder skeleton comes into view.
CasualChangeling's ghost says, "I will blast you to bits."
CasualChangeling's ghost gestures at you while chanting.
The magic dart hits you! The adder skeleton barely misses you.
There is a stone staircase leading down here.
The adder skeleton closely misses you.
CasualChangeling's ghost casts a spell at you.
The magic dart hits you!
* * * LOW HITPOINT WARNING * * *
You climb downwards.
A yak, a bullfrog and 3 orcs come into view.
The bullfrog croaks.
You hear a shout!
The orc warrior shouts!
The yak bellows!
You hear a shout!
You hear a bellow!
You hear a shout!
Found a paperback book.
Found two stone staircases leading down.
There is a stone staircase leading up here.
Okay, then.
You enter a teleport trap!
The teleport trap disappears.
Your surroundings seem slightly different. 4 orcs come into view.
The orc shouts! x2; You hear an angry hiss.
Found 10 stones and a ration.
Found a staircase to the Ecumenical Temple.
The orc completely misses you. The orc misses you.
The orc priest mumbles some strange prayers to Beogh against you.
Beogh smites you!
* * * LOW HITPOINT WARNING * * *
The orc completely misses you. The orc hits you with a mace.
* * * LOW HITPOINT WARNING * * *
The orc barely misses you.
A centaur comes into view.
An adder comes into view.
There is a staircase to the Ecumenical Temple here.
The centaur shouts!
The adder moves out of view.
The orc hits you with a hand axe.
You die...

######.
#.........#######
#.........%.....#
#...............#
#...........(...#
##......#........#
...F....#........#
........#.....oo8##
...#.<.......Foo@.#
...............o8.#
............>.......
........>.........##..
..o...............#
.c.
....:.............# ..
o...Y.............. .
..................#
.Y)...........


You could see a bullfrog, a centaur, an orc priest and 4 orcs.

Vanquished Creatures
  4 yaks (D:4)
  Eustachio (D:4)
  An ogre (D:4)
  A bullfrog (D:5)
  A scorpion (D:5)
  A howler monkey (D:4)
  A crimson imp (D:5)
  An orc priest (D:4)
  2 hounds
  An orc wizard (D:4)
  Jessica (D:2)
  2 worker ants
  A hound zombie (D:3)
  A hound skeleton (D:5)
  A howler monkey zombie (D:3)
  2 worker ant zombies
  A gnoll (D:5)
  8 adders
  An ooze (D:1)
  2 adder skeletons
  4 worms
  A dart slug (D:3)
  4 leopard geckos
  9 orcs
  2 giant cockroaches (D:4)
  7 goblins
  9 hobgoblins
  9 jackals
  11 kobolds
  A quokka (D:4)
  A ball python (D:2)
  3 bats
  5 frilled lizards
  2 giant cockroach zombies (D:3)
  10 rats
112 creatures vanquished.

Vanquished Creatures (collateral kills)
  A worker ant (D:4)
1 creature vanquished.

Grand Total: 113 creatures vanquished

Notes
Turn   | Place    | Note
-------+----------+-------------------------------------------
     0 | D:1      | Amnesiac the Deep Elf Wizard began the quest for the Orb.
     0 | D:1      | Reached XP level 1. HP: 10/10 MP: 7/7
   450 | D:1      | Reached XP level 2. HP: 16/16 MP: 7/9
   853 | D:2      | Noticed Jessica
   858 | D:2      | Killed Jessica
   858 | D:2      | Reached skill level 1 in Fighting
   858 | D:2      | Reached XP level 3. HP: 20/20 MP: 6/11
   863 | D:2      | Learned a level 2 spell: Blink
   866 | D:2      | Learned a level 2 spell: Call Imp
   870 | D:2      | Learned a level 3 spell: Conjure Flame
   874 | D:2      | Learned a level 3 spell: Mephitic Cloud
   995 | D:2      | Reached XP level 4. HP: 25/25 MP: 4/12
  1281 | D:2      | Found a glowing silver altar of Zin.
  1607 | D:3      | Found a sacrificial altar of Ru.
  1691 | D:3      | Reached XP level 5. HP: 24/30 MP: 10/13
  2174 | D:3      | Noticed Natasha
  2238 | D:4      | Reached skill level 1 in Shields
  2527 | D:4      | Found a radiant altar of Vehumet.
  2527 | D:4      | Noticed Eustachio
  2562 | D:4      | Reached XP level 6. HP: 36/36 MP: 8/14
  2607 | D:4      | Killed Eustachio
  2967 | D:4      | Noticed a yak
  2990 | D:4      | Killed a yak
  2990 | D:4      | Reached XP level 7. HP: 27/40 MP: 7/15
  2992 | D:4      | Noticed a yak
  2998 | D:4      | Noticed a yak
  2999 | D:4      | Noticed a yak
  3001 | D:4      | Killed a yak
  3067 | D:4      | Killed a yak
  3071 | D:4      | Killed a yak
  3071 | D:4      | Reached XP level 8. HP: 3/48 MP: 3/16
  3710 | D:5      | Entered Level 5 of the Dungeon
  3939 | D:5      | Noticed a dagger
  3942 | D:5      | Noticed a hand axe
  3944 | D:5      | Found a hide-covered altar of Uskayaw.
  3981 | D:5      | Reached skill level 5 in Fighting
  3981 | D:5      | Reached skill level 5 in Dodging
  4452 | D:6      | Noticed CasualChangeling's ghost (novice KoCj)
  4490 | D:7      | Found a staircase to the Ecumenical Temple.
  4496 | D:7      | Slain by an orc

Vault maps used:
D:1:      eino_arrival_druids_welcome
D:2:      zin_statuary, minmay_hexomino_p4, uniq_jessica
D:3:      nicolae_overflow_crystal_walls, serial_undead, serial_undead_c,
          serial_undead_d, serial_undead_f, serial_undead_b, serial_undead_c,
          serial_undead_b, serial_undead_b, serial_undead_f, uniq_natasha
D:4:      kennysheep_diamond, uniq_eustachio
D:5:      dancing_weapons_uskayaw, first_ration, sigmund_army
D:6:      nicolae_gozag_seed_capital
D:7:      temple_statues, basic_altar, minmay_misc_feat_ornament

Skill      XL: |  1  2  3  4  5  6  7  8 |
---------------+-------------------------+-----
Conjurations   | 3 4 |  4.6
Fighting       | 1 2 4 5 |  5.3
Shields        | 2 4 |  4.6
Dodging        | 4 5 |  5.3
Stealth        | |  2.4
Spellcasting   | |  4.5
Summonings     | |  1.1
Translocations | |  1.1

Action                   |  1- 3 |  4- 6 |  7- 9 || total
-------------------------+-------+-------+-------++-------
Melee: Club              |       |    53 |     9 ||    62
 Cast: Magic Dart        |    48 |   153 |    89 ||   290
       Conjure Flame     |       |     4 |     7 ||    11
       Call Imp          |       |     4 |       ||     4
       Mephitic Cloud    |       |     3 |     3 ||     6
       Blink             |       |       |     1 ||     1
Evoke: Wand              |       |     1 |       ||     1
  Use: Scroll            |       |     1 |    14 ||    15
 Stab: Distracted        |       |     1 |       ||     1
  Eat: Chunk             |       |     6 |     5 ||    11
Armor: Robe              |     1 |    12 |       ||    13
Dodge: Dodged            |     5 |    60 |    23 ||    88
Block: Buckler           |       |       |     8 ||     8

Table legend:
 A = Spawn XP
 B = Non-spawn XP
 C = Spawn XP percentage of total XP
 D = Spawn monster count
 E = Non-spawn monster count
 F = Spawn count percentage of total count
 G = Total turns spent on level
                    A         B        C        D         E        F      G
               +---------+---------+-------+---------+---------+-------+---------
         Total |       0 |    2095 |   0.0 |       0 |     113 |   0.0 |  4496
               +---------+---------+-------+---------+---------+-------+---------
           D:1 |       0 |      25 |   0.0 |       0 |      13 |   0.0 |   787
           D:2 |       0 |     115 |   0.0 |       0 |      27 |   0.0 |   728
           D:3 |       0 |     139 |   0.0 |       0 |      33 |   0.0 |   688
           D:4 |       0 |    1444 |   0.0 |       0 |      24 |   0.0 |  1507
           D:5 |       0 |     359 |   0.0 |       0 |      15 |   0.0 |   719
           D:6 |       0 |      13 |   0.0 |       0 |       1 |   0.0 |    60
               +---------+---------+-------+---------+---------+-------+---------
